 Dungeon Crawl Stone Soup version 0.31.0-11-ge490571c62 (webtiles) character file.

Game seed: 11481666105165556810

22 oldriver the Sneak (level 2, 0/23 HPs)
             Began as a Ghoul Enchanter on Feb 3, 2024.
             Slain by a hobgoblin (5 damage)
             ... on level 1 of the Dungeon.
             The game lasted 00:01:13 (562 turns).

oldriver the Sneak (Ghoul Enchanter)                 Turns: 562, Time: 00:01:13

Health: 0/23       AC:  2    Str: 11    XL:     2   Next: 91%
Magic:  4/4        EV: 12    Int: 14    God:
Gold:   23         SH:  0    Dex:  9    Spells: 4/4 levels left

rFire   . . .        a - +1 dagger
rCold   + . .        (no shield)
rNeg    + + +        b - +0 robe
rPois   ∞            (no helmet)
rElec   .            (no cloak)
rCorr   .            (no gloves)
SInv    .            (no boots)
Will    .....        (no amulet)
Stlth   ++           (no ring)
HPRegen 0.00/turn    (no ring)
MPRegen 0.09/turn

%: no passive effects
@: inhibited regen
A: claws 1, cold resistance 1, negative energy resistance 3, inhibited
regeneration, torment resistance 2, devour on kill
a: no special abilities


You were on level 1 of the Dungeon.
You visited 1 branch of the dungeon, and saw 1 of its levels.

You collected 23 gold pieces.

Inventory:

Hand Weapons
 a - a +1 dagger (weapon)
Armour
 b - a +0 robe (worn)
Potions
 c - 2 potions of invisibility


   Skills:
 + Level 1.0 Fighting
 * Level 1.7 Short Blades
 - Level 2.0 Dodging
 + Level 3.6 Stealth
 - Level 1.7 Spellcasting
 - Level 2.4 Hexes


You had 4 spell levels left.
You didn't know any spells.
Your spell library contained the following spells:

 Spells                   Type           Power      Damage    Failure   Level
 Ensorcelled Hibernation  Hex/Ice        8%         N/A       22%         2
 Confusing Touch          Hex            7%         N/A       26%         3
 Tukima's Dance           Hex            7%         N/A       26%         3
 Dazzling Flash           Conj/Hex       8%         N/A       41%         3


Dungeon Overview and Level Annotations

Branches:
Dungeon (1/15)

Altars:


Innate Abilities, Weirdness & Mutations

You are immune to poison.
You have sharp fingernails.
Your flesh is cold resistant. (rC+)
You are immune to negative energy. (rN+++)
You do not regenerate when monsters are visible.
You are immune to unholy pain and torment.
You thrive by killing the living.


Message History

You feel better. The goblin closely misses you. The hobgoblin hits you.
You hit the ball python.
The ball python is moderately wounded.
The goblin hits you but does no damage. The hobgoblin hits you.
The ball python bites you but does no damage.
The ball python closely misses you.
You closely miss the ball python.
The ball python is moderately wounded.
The ball python barely misses you. The ball python closely misses you.
The goblin hits you with a +0 dagger. The hobgoblin hits you.
The dart slug launches a dart at you. The slug dart hits you.
You are too injured to fight recklessly!
You are too injured to fight recklessly!
You are too injured to fight recklessly!
You are too injured to fight recklessly!
You are too injured to fight recklessly!
You are too injured to fight recklessly!
You are too injured to fight recklessly!
You are too injured to fight recklessly!
You are too injured to fight recklessly!
You are too injured to fight recklessly!
You are too injured to fight recklessly!
You are too injured to fight recklessly!
You are too injured to fight recklessly!
You are too injured to fight recklessly!
You are too injured to fight recklessly!
You are too injured to fight recklessly!
Unknown command.
You aren't carrying any items that you can evoke.
The goblin attacks as it pursues you! The goblin completely misses you.
The hobgoblin attacks as it pursues you!
The hobgoblin hits you.
* * * LOW HITPOINT WARNING * * *
As you read the scroll labelled OFIEWEFIU, it crumbles to dust.
It is a scroll of identify.
You don't currently have any unidentified items.
The ball python completely misses you. The ball python barely misses you.
The goblin closely misses you. The hobgoblin hits you.
You die...

#... ########## #.#....
#......... #......#
#......... .#......#
#.........
.......#######@g....... .
#.............Sgw......
..#.#........?#..........
....#.........#..........
....#.........#..........
... #.........#..........
.# #........(##.........
.####.........##.........
)...#.###................


You could see a dart slug, a hobgoblin, a goblin and a ball python.

Vanquished Creatures
  3 ball pythons (D:1)
  2 bats (D:1)
  An endoplasm (D:1)
  2 hobgoblins (D:1)
  4 jackals (D:1)
  A quokka (D:1)
  A frilled lizard (D:1)
  2 kobolds (D:1)
  5 rats (D:1)
21 creatures vanquished.

Notes
Turn   | Place    | Note
-------+----------+-------------------------------------------
     0 | D:1      | oldriver the Ghoul Enchanter began the quest for the Orb.
     0 | D:1      | Reached XP level 1. HP: 14/14 MP: 3/3
    25 | D:1      | Reached skill level 1 in Short Blades
   117 | D:1      | Reached XP level 2. HP: 9/22 MP: 4/4
   427 | D:1      | Reached skill level 1 in Fighting
   562 | D:1      | Slain by a hobgoblin

Illustrated notes

Levels and vault maps discovered:
D:1:      onia_arrival_handbag, layout_basic, chequers_ecumenical_altar_twisty

Skill      XL: |  1  2 |
---------------+-------+-----
Short Blades   | 1 |  1.7
Dodging        | 2 |  2.0
Fighting       | 1 |  1.0
Stealth        | |  3.6
Spellcasting   | |  1.7
Hexes          | |  2.4

Action                     || total
---------------------------++-------
  Melee: Dagger            ||    98
    Use: Scroll            ||     1
 Armour: Robe              ||    60
  Dodge: Dodged            ||    78
